 Dungeon Crawl Stone Soup version 0.20.0-15-g7f486f2 (webtiles) character file.

28 Hook the Sneak (level 3, 0/16 HPs)
             Began as a Vine Stalker Enchanter on June 21, 2017.
             Succumbed to a gnoll's poison
             ... on level 2 of the Dungeon.
             The game lasted 00:03:17 (1022 turns).

Hook the Sneak (Vine Stalker Enchanter)             Turns: 1022, Time: 00:03:18

Health: 0/16       AC:  2    Str: 10    XL:     3   Next: 14%
Magic:  1/7        EV: 12    Int: 16    God:
Gold:   23         SH:  0    Dex: 14    Spells: 3/6 levels left

rFire    . . .     SeeInvis .   a - +1 dagger
rCold    . . .     Gourm    .   (no shield)
rNeg     . . .     Faith    .   b - +0 robe
rPois    .         Spirit   +   (no helmet)
rElec    .         Reflect  .   (no cloak)
rCorr    .         Harm     .   (no gloves)
MR       .....                  (no boots)
Stlth    +++.......             (no amulet)
Regen    0.1/turn               (no ring)
MPRegen  0.1/turn               (no ring)

@: lethally poisoned (0 -> -8)
A: fangs 2, magic shield, antimagic bite, no potion heal 3, rot immunity
a: no special abilities


You were on level 2 of the Dungeon.
You were not hungry.

You visited 1 branch of the dungeon, and saw 2 of its levels.

You collected 23 gold pieces.

Inventory:

Hand Weapons
 a - a +1 dagger (weapon)
Armour
 b - a +0 robe (worn)
Scrolls
 f - 2 scrolls of identify
Potions
 e - a potion of heal wounds
Books
 c - a book of Maledictions

   Spells                             Type                      Level
   a - Corona                         Hexes                        1
   b - Ensorcelled Hibernation        Hexes/Ice                    2
   c - Confuse                        Hexes                        3
   d - Tukima's Dance                 Hexes                        3
   e - Dazzling Spray                 Conjuration/Hexes            3
Comestibles
 d - a bread ration
 g - a royal jelly
 h - a chunk of flesh


   Skills:
 + Level 1.1 Short Blades
 * Level 1.9 Dodging
 + Level 3.8 Stealth
 + Level 2.4 Spellcasting
 * Level 3.5 Hexes


You had 3 spell levels left.
You knew the following spells:

 Your Spells              Type           Power        Failure   Level  Hunger
a - Corona                Hex            ##.....      4%          1    #......
b - Ensorcelled Hibernat  Hex/Ice        #.....       14%         2    ###....


Dungeon Overview and Level Annotations

Branches:
Dungeon (2/15)

Altars:


Innate Abilities, Weirdness & Mutations

You have extremely sharp teeth.
When hurt, damage is shared between your health and your magic reserves.
Your bite disrupts and absorbs the magic of your enemies.
Potions cannot restore your health.
You are immune to rotting.


Message History

Press: ? - help, Shift-Dir - straight line, f - gnoll
Aim: a gnoll, wielding a club (chance to defeat MR: 48%)
The gnoll resists with some effort.
The gnoll closely misses you.
Casting: Ensorcelled Hibernation
Confirm with . or Enter, or press ? or * to list all spells.
Aiming: Ensorcelled Hibernation
Press: ? - help, Shift-Dir - straight line, f/p - gnoll
Aim: a gnoll, wielding a club (chance to defeat MR: 48%)
The gnoll looks drowsy...
The gnoll hits you from afar with a spear of venom.
* * * LOW HITPOINT WARNING * * *
You are lethally poisoned!
* * * LOW HITPOINT WARNING * * *
You feel sick.
* * * LOW HITPOINT WARNING * * *
You feel sick.
* * * LOW HITPOINT WARNING * * *
You feel sick. That would not heal you.
You die...

....... .......####
#........ #.......#
###
#.....g.######.#### #
#.................#.#
#.....g#######.####.#
#.....sgg...........#
#......#######@.....#
#####..# . #......#
#..# #. #...####
...#.#.###.....#
#...#.........#.#
#.#.###.#..†###.#
#.#.#...........#
######.######
...........<.#


You could see 2 gnolls.

Vanquished Creatures
  2 dart slugs (D:1)
  A leopard gecko (D:1)
  A ball python (D:1)
  3 bats (D:1)
  2 giant cockroaches (D:1)
  3 goblins
  3 hobgoblins (D:1)
  3 frilled lizards (D:1)
  4 rats (D:1)
22 creatures vanquished.

Notes
Turn   | Place    | Note
-------+----------+-------------------------------------------
     0 | D:1      | Hook the Vine Stalker Enchanter began the quest for the Orb.
     0 | D:1      | Reached XP level 1. HP: 9/9 MP: 4/4
   293 | D:1      | Reached skill level 1 in Short Blades
   329 | D:1      | Reached XP level 2. HP: 11/13 MP: 3/6
   690 | D:1      | Learned a level 2 spell: Ensorcelled Hibernation
   785 | D:1      | Reached XP level 3. HP: 11/16 MP: 3/7
  1022 | D:2      | Succumbed to a gnoll's poison

Skill      XL: |  1 |
---------------+----+-----
Short Blades   | 1 |  1.1
Dodging        | |  1.9
Stealth        | |  3.8
Spellcasting   | |  2.4
Hexes          | |  3.5

Action                   || total
-------------------------++-------
Melee: Dagger            ||    62
       Bite              ||    11
 Cast: Corona            ||    20
       Ensorcelled Hiber ||     7
  Use: Scroll            ||     1
 Stab: Sleeping          ||     3
  Eat: Chunk             ||     1
Armor: Robe              ||    11
Dodge: Dodged            ||    44
